 Dungeon Crawl Stone Soup version 0.26.1-11-gd32895ea62 (webtiles) character file.

Game seed: 12913073863655761801

45 Arcadio the Insei (level 3, -7/26 HPs)
             Began as a Merfolk Transmuter on May 19, 2021.
             Mangled by Sigmund
             ... wielding a +0 scythe
              (13 damage)
             ... on level 1 of the Dungeon.
             The game lasted 00:03:39 (1519 turns).

Arcadio the Insei (Merfolk Transmuter)              Turns: 1519, Time: 00:03:39

Health: -7/26      AC:  2    Str: 11    XL:     3   Next: 64%
Magic:  6/6        EV: 14    Int: 12    God:
Gold:   12         SH:  0    Dex: 14    Spells: 3/6 levels left

rFire    . . .     SeeInvis .     - Unarmed
rCold    . . .     Faith    .   (no shield)
rNeg     . . .     Spirit   .   a - +0 robe
rPois    .         Reflect  .   (no helmet)
rElec    .         Harm     .   (no cloak)
rCorr    .         Rampage  .   (no gloves)
Will     .....                  (no boots)
Stlth    +.........             (no amulet)
HPRegen  0.08/turn              (no ring)
MPRegen  0.10/turn              (no ring)

@: no status effects
A: change form in water, swift swim, stealthy swim
a: no special abilities


You were on level 1 of the Dungeon.
You visited 1 branch of the dungeon, and saw 2 of its levels.

You collected 12 gold pieces.

Inventory:

Hand Weapons
 f - a +0 dagger
Armour
 a - a +0 robe (worn)
Scrolls
 b - a scroll of teleportation
 c - a scroll of fog {unknown}
 g - a scroll of fear {unknown}
Potions
 d - a potion of attraction
 e - 2 potions of curing
 h - a potion of brilliance {unknown}


   Skills:
 - Level 1.1 Fighting
 + Level 3.7 Dodging
 + Level 3.9 Unarmed Combat
 - Level 2.0 Spellcasting
 + Level 3.7 Transmutations


You had 3 spell levels left.
You knew the following spells:

 Your Spells              Type           Power        Failure   Level
a - Beastly Appendage     Tmut           20%          6%          1
b - Wereblood             Tmut           10%          9%          2

Your spell library contained the following spells:

 Spells                   Type           Power        Failure   Level
 Spider Form              Tmut/Pois      2%           36%         3
 Ice Form                 Ice/Tmut       5%           77%         4
 Blade Hands              Tmut           5%           86%         5


Dungeon Overview and Level Annotations

Branches:
Dungeon (2/15)

Altars:
Dithmenos
Elyvilon
Hepliaklqana
Nemelex Xobeh

Annotations:
D:2 Sigmund


Message History

Something hits you.
Deactivating autopickup; reactivate with Ctrl-A.
You are confused.
You bump into the rock wall.
A magic dart appears from out of thin air!
The magic dart hits you!
You bump into the rock wall.
You feel less confused. Something hits you.
* * * LOW HITPOINT WARNING * * *
You hear some strange, mumbled words.
You are confused.
You bump into the rock wall.
You hear some strange, mumbled words.
Something tries to affect you, but you resist.
You feel less confused.
There is a stone staircase leading down, spattered with blood here.
Something hits you!
Ouch! That really hurt!
You die...

######..^...#
###..#.##.###.#
###.......#.####
#....##)# #.#
.......#.......#
#.......# #..
.##.##.........###
######### ###
.##.##.#.........#
(##.##......#.##.###
.##........##..{...#
.#######.#.#####.#.#
.# ####.#.#####@#.#
## #............#.#
# #.......######.# #
#.......# #.# ##
#.......# #.# .#
#.......# #.# .#
#.......# ##.## .#
#.......# #...# .#
######### #...#


There were no monsters in sight!

Vanquished Creatures
  An adder (D:1)
  A worm (D:2)
  8 bats
  A giant cockroach (D:2)
  6 goblins
  4 hobgoblins (D:1)
  A kobold (D:1)
  2 ball pythons
  3 frilled lizards
  4 rats
31 creatures vanquished.

Notes
Turn   | Place    | Note
-------+----------+-------------------------------------------
     0 | D:1      | Arcadio the Merfolk Transmuter began the quest for the Orb.
     0 | D:1      | Reached XP level 1. HP: 15/15 MP: 3/3
   212 | D:1      | Reached XP level 2. HP: 18/21 MP: 5/5
   457 | D:1      | You fall into a shaft and drop 1 floor!
   528 | D:2      | Learned a level 2 spell: Wereblood
   673 | D:2      | Noticed a shadow
   674 | D:2      | Found a shadowy altar of Dithmenos.
   675 | D:2      | Found a hazy altar of Hepliaklqana.
   705 | D:2      | Found a white marble altar of Elyvilon.
   728 | D:2      | Reached XP level 3. HP: 26/26 MP: 3/6
   756 | D:2      | Noticed Sigmund
  1172 | D:1      | Found a sparkling altar of Nemelex Xobeh.
  1519 | D:1      | Mangled by Sigmund

Illustrated notes

Levels and vault maps discovered:
D:1:      dpeg_arrival_three_smaller_balls, layout_loops_cross,
          hangedman_decor_growths, minivault_25, nemelex_diamond_rough_becter
D:2:      layout_loops_ring, riverfiend_overflow_shadow_ancestor,
          marbit_many_paths, elyvilon_altar_5, uniq_sigmund

Skill      XL: |  1 |
---------------+----+-----
Transmutations | 3 |  3.7
Dodging        | 3 |  3.7
Fighting       | |  1.1
Unarmed Combat | |  3.9
Spellcasting   | |  2.0

Action                   || total
-------------------------++-------
Melee: Unarmed           ||   103
       Headbutt          ||    16
       Punch             ||     1
 Cast: Beastly Appendage ||    27
  Use: Scroll            ||     3
Armor: Robe              ||    31
Dodge: Dodged            ||    95
